 Dungeon Crawl Stone Soup version 0.19.0-19-g8c6edcc (webtiles) character file.

39 Leszczynek the Shooter (level 3, 21/22 HPs)
             Began as a Tengu Arcane Marksman on Nov 12, 2016.
             Quit the game on level 2 of the Dungeon.
             The game lasted 00:01:44 (926 turns).

Leszczynek the Shooter (Tengu Arcane Marksman)       Turns: 926, Time: 00:01:46

Health: 21/22      AC:  2    Str: 12    XL:     3   Next: 47%
Magic:  5/5        EV: 12    Int: 13    God:
Gold:   43         SH:  0    Dex: 13    Spells: 2 memorised, 1 level left

rFire  . . .     SeeInvis .     a - +0 shortbow
rCold  . . .     Gourm    .     e - +0 robe
rNeg   . . .     Faith    .     (shield currently unavailable)
rPois  .         Spirit   .     (helmet restricted)
rElec  .         Reflect  .     (no cloak)
rCorr  .         Harm     .     (no gloves)
MR     .....                    (boots unavailable)
Stlth  +.........               (no amulet)
                                (no ring)
                                (no ring)

@: no status effects
A: beak, talons 3
a: no special abilities


You were on level 2 of the Dungeon.
You were not hungry.

You visited 1 branch of the dungeon, and saw 2 of its levels.

You collected 43 gold pieces.

Inventory:

Hand Weapons
 a - a +0 shortbow (weapon)
Missiles
 f - 53 arrows (quivered)
Armour
 e - a +0 robe (worn)
Scrolls
 g - 2 scrolls of blinking {unknown}
 h - a scroll of random uselessness {unknown}
 i - a scroll of identify {unknown}
 j - a scroll of recharging {unknown}
 k - 2 scrolls of noise {unknown}
 l - a scroll of remove curse {unknown}
Potions
 b - 2 potions of might {unknown}
 n - a potion of curing {unknown}
Books
 c - a book of Debilitation

   Spells                             Type                      Level
   a - Corona                         Hexes                        1
   b - Slow                           Hexes                        2
   c - Gell's Gravitas                Hexes/Translocation          3
   d - Inner Flame                    Hexes/Fire                   3
   e - Cause Fear                     Hexes                        4
   f - Leda's Liquefaction            Hexes/Earth                  4
Comestibles
 d - 2 bread rations
 m - 3 fruits
 o - a meat ration
 p - a chunk of flesh
 q - a beef jerky


   Skills:
 - Level 2.5 Fighting
 + Level 3.1 Bows
 - Level 2.1 Dodging
 - Level 1.0 Spellcasting
 - Level 2.1 Hexes


You had one spell level left.
You knew the following spells:

 Your Spells              Type           Power        Failure   Level  Hunger
a - Corona                Hex            #......      14%         1    ##.....
b - Slow                  Hex            #.......     21%         2    ###....


Dungeon Overview and Level Annotations

Branches:
Dungeon (2/15)

Altars:


Innate Abilities, Weirdness & Mutations

You have a beak for a mouth.
You have claws for feet.


Message History

The adder hisses angrily.
Firing (i - inventory):
f - 55 arrows (quivered)
Press: ? - help, Shift-Dir - straight line, f/p - adder
Aim: an adder You shoot an arrow.
The arrow hits the adder but does no damage.
A dart slug comes into view.
Firing (i - inventory):
f - 54 arrows (quivered)
Press: ? - help, Shift-Dir - straight line, f/p - adder
Aim: an adder You shoot an arrow.
The arrow hits the adder.
The adder is moderately wounded.
A hobgoblin comes into view.
You open the door.
A dart slug comes into view.
The adder bites you.
An adder comes into view.
The adder hisses angrily.
There is an open door here.
Are you sure you want to abandon this character and quit the game? (Confirm with "yes".)

######.........#.#
.................#.#.
######...#########...
#.......>.......
#..........#..
#..........#.#
#..........#S#
#..........#.#
#.........S@w#
#..).....K.###
###........#
#........# #........#
#..((....#
......w..?......
.................
.................


You could see 2 adders, 2 dart slugs and a kobold.

Vanquished Creatures
  An adder (D:2)
  An ooze (D:1)
  A worm (D:2)
  A dart slug (D:1)
  A leopard gecko (D:1)
  3 bats (D:1)
  A giant cockroach (D:1)
  A hobgoblin (D:1)
  3 frilled lizards (D:1)
  5 goblins
  A kobold (D:1)
  4 rats (D:1)
23 creatures vanquished.

Notes
Turn   | Place    | Note
-------+----------+-------------------------------------------
     0 | D:1      | Leszczynek the Tengu Arcane Marksman began the quest for the Orb.
     0 | D:1      | Reached XP level 1. HP: 12/12 MP: 3/3
   187 | D:1      | Reached skill level 2 in Fighting
   187 | D:1      | Reached XP level 2. HP: 17/17 MP: 4/4
   197 | D:1      | Learned a level 2 spell: Slow
   657 | D:2      | Reached XP level 3. HP: 22/22 MP: 5/5
   694 | D:2      | Reached skill level 3 in Bows
   926 | D:2      | Quit the game

Skill      XL: |  1  2  3 |
---------------+----------+-----
Fighting       | 2 |  2.5
Bows           | 3 |  3.1
Dodging        | |  2.1
Spellcasting   | |  1.0
Hexes          | |  2.1

Action                   || total
-------------------------++-------
Melee: Unarmed           ||     8
       Kick              ||     2
       Peck              ||     2
 Fire: Shortbow          ||    74
Armor: Robe              ||     3
Dodge: Dodged            ||    26
